 Dungeon Crawl Stone Soup version 0.30-a0-845-g7c6808c8ce (webtiles) character file.

Game seed: 7571782828627951262

11 qeuew the Poker (level 2, 0/24 HPs)
             Began as a Merfolk Berserker on Mar 2, 2023.
             Was a Follower of Trog.
             Slain by an orc
             ... wielding a +0 trident
              (5 damage)
             ... on level 2 of the Dungeon.
             The game lasted 00:01:24 (978 turns).

qeuew the Poker (Merfolk Berserker)                  Turns: 978, Time: 00:01:24

Health: 0/24       AC:  5    Str: 14 (17) XL:     2   Next: 25%
Magic:  2/2        EV: 11    Int:  3 (6)  God:    Trog [*.....]
Gold:   43         SH:  0    Dex: 11 (13) Spells: 1/1 levels left

rFire   . . .      SeeInvis .    a - +0 spear (chaos)
rCold   . . .      Faith    .    (no shield)
rNeg    . . .      Spirit   .    d - +0 ring mail
rPois   .          Reflect  .    (no helmet)
rElec   .          Rampage  .    (no cloak)
rCorr   .                        (no gloves)
Will    .....                    (no boots)
Stlth   +                        (no amulet)
HPRegen 0.24/turn                (no ring)
MPRegen 0.08/turn                (no ring)

@: on berserk cooldown, slowed, very slow
A: (nimble swimmer 2), mertail
a: Renounce Religion, Berserk


You were on level 2 of the Dungeon.
You worshipped Trog.
Trog was aware of your devotion.
You visited 1 branch of the dungeon, and saw 2 of its levels.

You collected 43 gold pieces.

Inventory:

Hand Weapons
 a - a +0 spear of chaos (weapon)
Armour
 d - a +0 ring mail (worn)
Potions
 c - a potion of curing


   Skills:
 + Level 3.3 Fighting
 * Level 4.3 Polearms
 + Level 1.5 Armour
 * Level 3.1 Dodging


You had one spell level left.
You didn't know any spells.
Your spell library was empty.

Dungeon Overview and Level Annotations

Branches:
Dungeon (2/15)

Altars:

Shops:
D:2 =


Innate Abilities, Weirdness & Mutations

((You are very nimble when in or above water. (Stealth+, EV+, Speed+++)))
Your lower body shifts to a powerful aquatic tail in water.


Message History

You are too injured to fight recklessly!
You are too injured to fight recklessly!
You are too injured to fight recklessly!
You are too injured to fight recklessly!
You are too injured to fight recklessly!
You feel a strong urge to attack something.
Things that are here:
a +0 mace; a +0 leather armour; an orc corpse You barely miss the orc wizard.
The orc wizard hits you but does no damage.
The orc hits you with a +0 trident. The orc barely misses you.
You barely miss the orc wizard.
You're too confused to move!
The orc wizard completely misses you. The orc closely misses you.
You bump into the metal wall.
You feel a strong urge to attack something.
The orc wizard barely misses you. The orc misses you.
You miss the orc wizard.
You bump into the rock wall.
The orc wizard mumbles some strange words.
The orc wizard flickers and vanishes!
Deactivating autopickup; reactivate with Ctrl-A.
The orc hits you but does no damage.
You closely miss something. You puncture something! You freeze something.
You feel less confused. Something hits you.
The orc hits you from afar with a +0 trident.
* * * LOW HITPOINT WARNING * * *
You puncture something! Trog accepts your kill.
Trog appreciates your killing of a magic user.
Reactivating autopickup.
You feel a bit more experienced.
You are no longer berserk.
You are exhausted.
You feel yourself slow down.
The orc hits you from afar with a +0 trident.
You die...

#.........#
#...."....###.
#.>...........
#.........#...
#...........## #
#...##....###
#.. ##..##....#
#....##.......##
#......∩.)@).##
#.......####o#
#...##..# .# #..
#..# .. ## ####
###


You could see an orc.

Vanquished Creatures
  An orc wizard (D:2)
  A dart slug (D:1)
  An orc (D:2)
  2 endoplasms (D:1)
  A hobgoblin (D:1)
  2 kobolds (D:1)
  A rat (D:1)
9 creatures vanquished.

Notes
Turn   | Place    | Note
-------+----------+-------------------------------------------
     0 | D:1      | qeuew the Merfolk Berserker began the quest for the Orb.
     0 | D:1      | Reached XP level 1. HP: 18/18 MP: 1/1
   376 | D:1      | Reached XP level 2. HP: 19/24 MP: 2/2
   948 | D:2      | Found Qumoem's Jewellery Emporium.
   978 | D:2      | Slain by an orc

Illustrated notes

Levels and vault maps discovered:
D:1:      amcnicky_arrival_feature_with_door, layout_loops_corners,
          serial_glass, glass_columns_c, glass_columns_a
D:2:      layout_rooms, serial_shops, nicolae_square_shop, uniq_jessica,
          uniq_crazy_yiuf_cottage

Skill      XL: |  1 |
---------------+----+-----
Dodging        | 3 |  3.1
Fighting       | |  3.3
Polearms       | |  4.3
Armour         | |  1.5

Action                     || total
---------------------------++-------
  Melee: Spear             ||    38
         Punch             ||     1
 Invoke: Berserk           ||     1
    Use: Scroll            ||     3
         Potion            ||     2
   Stab: Sleeping          ||     1
 Armour: Ring mail         ||     3
  Dodge: Dodged            ||    13

Table legend: (Time is in decaauts)
 A = Elapsed time spent in this place.
 B = Non-inter-level travel time spent in this place.
 C = Inter-level travel time spent in this place.
 D = Time resting spent in this place.
 E = Time spent auto-exploring this place.
 F = Levels seen in this place.
 G = Mean time per level.
                   A        B        C        D        E       F      G
               +--------+--------+--------+--------+--------+-----+--------+
         Total |    970 |    888 |     82 |      0 |    789 |   2 |  485.0 |
       Dungeon |    970 |    888 |     82 |      0 |    789 |   2 |  485.0 |
               +--------+--------+--------+--------+--------+-----+--------+

Top non-repeatable levels by time:
     D:1: 936 daAuts
     D:2: 34 daAuts
